AoeStats
← EdgarCarrito

Arena

508955281Analyzed
2v2 RM · 7d ago on Sep 24, 2026· 81m 47s· 4 players
Game mode
Random Map
Map size
Medium (4 player)
Population
200
Speed
Normal
Resources
Standard
Victory
Conquest
Starting age
Dark Age
Ending age
Imperial Age
RankedLock teamsTeams togetherTeam positionsShared explorationLock speedFull tech treeHidden civsTurbo modeCheats
Victory
Defeat
🇫🇷 Franks · France
682
+15
🇨🇴 Persians · Colombia
607
+18
666
-17
🇫🇷 Franks · France
633
-16
BastagOgne
13:27 Feudal Age
17:45 Castle Age
17:39 Double-Bit Axe
19:10 Gold Mining
21:12 Husbandry
22:52 Bow Saw
25:12 Stone Mining
24:56 Elite Skirmisher
28:35 Wheelbarrow
28:44 Forging
28:40 Scale Barding Armor
31:28 Iron Casting
31:42 Scale Mail Armor
34:27 Fletching
35:00 Ballistics
38:28 Imperial Age
38:10 Chain Barding Armor
37:46 Bodkin Arrow
38:33 Pikeman
39:15 Squires
40:22 Cranequins
42:15 Plate Barding Armor
43:00 Blast Furnace
41:50 Cavalier
45:37 Halberdier
51:42 Chain Mail Armor
55:52 Plate Mail Armor
61:53 Conscription
𐂃☺aLLé LuïA☺𐂃
11:56 Feudal Age
15:14 Double-Bit Axe
17:54 Castle Age
16:24 Horse Collar
19:30 Bow Saw
22:20 Stone Mining
24:42 Ballistics
26:16 Heavy Plow
26:05 Treadmill Crane
28:51 Fortified Wall
30:38 Padded Archer Armor
30:28 Fletching
34:22 Imperial Age
34:15 Gold Mining
34:59 Caravan
35:21 Elite Longbowman
36:25 Conscription
37:15 Chemistry
36:18 Pikeman
38:41 Wheelbarrow
37:40 Halberdier
38:23 Squires
39:28 Gold Shaft Mining
39:26 Yeomen
39:13 Bodkin Arrow
39:33 Leather Archer Armor
39:30 Forging
60:09 Iron Casting
59:34 Scale Mail Armor
68:51 Chain Mail Armor
69:37 Blast Furnace
68:38 Bracer
69:09 Ring Archer Armor
xPredatOoR
11:12 Feudal Age
20:55 Castle Age
20:18 Scale Mail Armor
20:46 Double-Bit Axe
20:59 Gold Mining
21:33 Scale Barding Armor
21:19 Pikeman
29:36 Wheelbarrow
31:16 Hand Cart
32:05 Chain Barding Armor
39:40 Imperial Age
38:45 Forging
39:42 Cavalier
49:05 Hoardings
56:05 Plate Barding Armor
57:32 Bow Saw
58:47 Loom
59:58 Paladin
71:22 Coinage
EdgarCarrito
10:35 Feudal Age
15:49 Castle Age
17:14 Fervor
31:05 Imperial Age
33:45 Gold Mining
33:37 Horse Collar
33:49 Double-Bit Axe
36:04 Wheelbarrow
35:10 Elite War Elephant
36:53 Hand Cart
36:53 Bow Saw
37:16 Conscription
37:36 Fletching
37:46 Padded Archer Armor
38:00 Kamandaran
38:57 Gold Shaft Mining
38:42 Husbandry
38:53 Bloodlines
38:12 Crossbowman
39:07 Heavy Plow
40:02 Scale Barding Armor
40:08 Forging
41:25 Chain Barding Armor
41:25 Thumb Ring
42:52 Two-Man Saw
42:38 Crop Rotation
42:50 Iron Casting
46:10 Plate Barding Armor
46:36 Blast Furnace
45:32 Bodkin Arrow
45:38 Padded Archer Armor
52:53 Devotion
54:34 Leather Archer Armor
54:42 Ballistics
54:18 Murder Holes
55:24 Chemistry
65:12 Ring Archer Armor
Connection lost

Rejoining the realm…

Still unreachable

The connection could not be restored.

Session expired

The server has moved on; the page needs a fresh start.